% Time on Ice - VICTORIA GLADIATORS
Lines # - Real PCT - Wanted PCT - Time Play
Normal Forward
1 - 33% - 36% - 15:56
2 - 29% - 31% - 13:51
3 - 25% - 23% - 12:08
4 - 13% - 10% - 6:11
Normal Defense
1 - 36% - 36% - 17:25
2 - 28% - 32% - 13:23
3 - 33% - 24% - 15:52
4 - 3% - 8% - 1:26
PP Forward
1 - 44% - 52% - 0:52
2 - 56% - 48% - 1:07
PP Defense
1 - 45% - 52% - 0:53
2 - 55% - 48% - 1:06
PK Forward
1 - 56% - 52% - 5:35
2 - 44% - 48% - 4:20
PK Defense
1 - 52% - 52% - 5:09
2 - 48% - 48% - 4:46
PK3 Forward
1 - 0% - 52%
2 - 0% - 48%
PK3 Defense
1 - 0% - 52%
2 - 0% - 48%
44 Forward
1 - 0% - 52%
2 - 0% - 48%
44 Defense
1 - 0% - 52%
2 - 0% - 48%
Last Minute Offensive  - 0:00
Last Minute Defensive  - 0:00
Total
Forward - 60:00
Defense - 60:00
% Time on Ice - SAN JOSE BRONCOS
Lines # - Real PCT - Wanted PCT - Time Play
Normal Forward
1 - 31% - 35% - 15:04
2 - 27% - 30% - 12:47
3 - 21% - 20% - 10:05
4 - 21% - 15% - 10:10
Normal Defense
1 - 36% - 36% - 17:23
2 - 29% - 31% - 13:44
3 - 26% - 23% - 12:28
4 - 9% - 10% - 4:31
PP Forward
1 - 57% - 55% - 5:37
2 - 43% - 45% - 4:18
PP Defense
1 - 58% - 55% - 5:48
2 - 42% - 45% - 4:07
PK Forward
1 - 71% - 55% - 1:24
2 - 29% - 45% - 0:35
PK Defense
1 - 67% - 55% - 1:20
2 - 33% - 45% - 0:39
PK3 Forward
1 - 0% - 55%
2 - 0% - 45%
PK3 Defense
1 - 0% - 50%
2 - 0% - 50%
44 Forward
1 - 0% - 50%
2 - 0% - 50%
44 Defense
1 - 0% - 50%
2 - 0% - 50%
Last Minute Offensive  - 0:00
Last Minute Defensive  - 0:00
Total
Forward - 60:00
Defense - 60:00
Play-by-Play 1st period 0:01 of 1st period - Evgeni Malkin wins face-off versus Carl Soderberg in neutral zone. 0:39 of 1st period - Nick Foligno is hit by Jaccob Slavin and loses puck. 1:50 of 1st period - Shot by Mikko Koivu. 1:50 of 1st period - Shot Misses the Net. 2:05 of 1st period - Off-side. 2:06 of 1st period - Cody Eakin wins face-off versus Frans Nielsen in neutral zone. 2:09 of 1st period - Frans Nielsen is hit by Colton Sissons and loses puck. 2:29 of 1st period - Shot by Colton Sissons. 2:29 of 1st period - Stopped by Jack Campbell without a rebound. 2:30 of 1st period - Carter Rowney wins face-off versus Riley Sheahan in VICTORIA GLADIATORS zone. 3:12 of 1st period - Riley Sheahan is hit by Sean Kuraly. 3:56 of 1st period - Shot by Alex Iafallo. 3:56 of 1st period - Stopped by Jacob Markstrom without a rebound. 3:57 of 1st period - Lars Eller wins face-off versus Oliver Bjorkstrand in SAN JOSE BRONCOS zone. 3:58 of 1st period - Shot by Mikkel Boedker. 3:58 of 1st period - Shot Misses the Net. 4:20 of 1st period - Shot by Mikko Koivu. 4:20 of 1st period - Stopped by Jack Campbell without a rebound. 4:21 of 1st period - Evgeni Malkin wins face-off versus Carl Soderberg in VICTORIA GLADIATORS zone. 4:56 of 1st period - Shot by Evgeni Malkin. 4:56 of 1st period - Shot Misses the Net. 5:14 of 1st period - Jaccob Slavin is hit by Carl Soderberg and loses puck. 5:51 of 1st period - Shot by Colin Wilson. 5:51 of 1st period - Stopped by Jacob Markstrom without a rebound. 5:52 of 1st period - Cody Eakin wins face-off versus Frans Nielsen in SAN JOSE BRONCOS zone. 6:01 of 1st period - Shot by Colton Sissons. 6:01 of 1st period - Shot Blocked by Marcus Foligno. 6:03 of 1st period - Shot by Cody Eakin. 6:03 of 1st period - Deflect By Colton Sissons. 6:03 of 1st period - Shot Blocked by Frans Nielsen. 6:05 of 1st period - Shot by David Kampf. 6:05 of 1st period - Goal by David Kampf - VICTORIA GLADIATORS : 0 - SAN JOSE BRONCOS : 1. 6:06 of 1st period - Lars Eller wins face-off versus Carter Rowney in neutral zone. 6:06 of 1st period - Torey Krug is hit by Tyler Motte. 6:09 of 1st period - Lars Eller is hit by Adam Pelech. 6:28 of 1st period - Icing by Lars Eller. 6:29 of 1st period - Mikko Koivu wins face-off versus Lars Eller in VICTORIA GLADIATORS zone. 7:45 of 1st period - Icing by Ryan Stanton. 7:46 of 1st period - Evgeni Malkin wins face-off versus Frans Nielsen in VICTORIA GLADIATORS zone. 7:47 of 1st period - Shot by Alexander Radulov. 7:47 of 1st period - Stopped by Jack Campbell without a rebound. 7:48 of 1st period - Carl Soderberg wins face-off versus Evgeni Malkin in VICTORIA GLADIATORS zone. 8:04 of 1st period - Dustin Brown is hit by Matt Bartkowski and loses puck. 8:11 of 1st period - Shot by Alexander Radulov. 8:11 of 1st period - Shot Misses the Net. 8:13 of 1st period - Shot by Alexander Radulov. 8:13 of 1st period - Shot Misses the Net. 8:15 of 1st period - Shot by Adam Pelech. 8:15 of 1st period - Shot Blocked by Zack Smith. 8:17 of 1st period - Shot by Alexander Radulov. 8:17 of 1st period - Shot Misses the Net. 8:23 of 1st period - Shot by Alexander Radulov. 8:23 of 1st period - Stopped by Jack Campbell without a rebound. 8:24 of 1st period - Cody Eakin wins face-off versus Frans Nielsen in VICTORIA GLADIATORS zone. 10:12 of 1st period - Marco Scandella is hit by Marcus Foligno and loses puck. 10:21 of 1st period - Frans Nielsen is hit by Carter Rowney and loses puck. 10:59 of 1st period - Shot by Zach Parise. 10:59 of 1st period - Stopped by Jack Campbell without a rebound. 11:00 of 1st period - Carl Soderberg wins face-off versus Cody Eakin in VICTORIA GLADIATORS zone. 11:18 of 1st period - Icing by Jared Spurgeon. 11:19 of 1st period - Cody Eakin wins face-off versus Lars Eller in SAN JOSE BRONCOS zone. 11:19 of 1st period - Cody Eakin is hit by Lars Eller. 12:30 of 1st period - Icing by Zack Smith. 12:31 of 1st period - Mikko Koivu wins face-off versus Nick Foligno in VICTORIA GLADIATORS zone. 14:26 of 1st period - Shot by Mikkel Boedker. 14:26 of 1st period - Shot Misses the Net. 14:28 of 1st period - Shot by Jonathan Ericsson. 14:28 of 1st period - Shot Misses the Net. 15:24 of 1st period - Sean Kuraly is hit by Frans Nielsen and loses puck. 15:32 of 1st period - Icing by Patrick Maroon. 15:33 of 1st period - Jason Spezza wins face-off versus Cody Eakin in VICTORIA GLADIATORS zone. 15:58 of 1st period - Shot by Colton Sissons. 15:58 of 1st period - Stopped by Jack Campbell without a rebound. 15:59 of 1st period - Lars Eller wins face-off versus Alexander Radulov in VICTORIA GLADIATORS zone. 16:41 of 1st period - Shot by Evgeni Malkin. 16:41 of 1st period - Stopped by Jack Campbell without a rebound. 16:42 of 1st period - Carl Soderberg wins face-off versus Mikko Koivu in VICTORIA GLADIATORS zone. 17:10 of 1st period - Jonathan Ericsson is hit by Mikko Koivu and loses puck. 18:11 of 1st period - Shot by Dustin Brown. 18:11 of 1st period - Stopped by Jack Campbell without a rebound. 18:12 of 1st period - Jason Spezza wins face-off versus Cody Eakin in VICTORIA GLADIATORS zone. 18:12 of 1st period - Jason Spezza is hit by Cody Eakin. 18:24 of 1st period - Shot by Patrick Maroon. 18:24 of 1st period - Stopped by Jacob Markstrom without a rebound. 18:25 of 1st period - Lars Eller wins face-off versus Evgeni Malkin in SAN JOSE BRONCOS zone. 18:28 of 1st period - Shot by Colin Wilson. 18:28 of 1st period - Stopped by Jacob Markstrom without a rebound. 18:29 of 1st period - Carter Rowney wins face-off versus Lars Eller in SAN JOSE BRONCOS zone. 18:29 of 1st period - Carter Rowney is hit by Lars Eller. 18:50 of 1st period - Adam Pelech is hit by Dion Phaneuf and loses puck. 19:08 of 1st period - Off-side. 19:09 of 1st period - Carl Soderberg wins face-off versus Mikko Koivu in neutral zone. 19:26 of 1st period - Zach Parise is hit by Ryan Stanton and loses puck. 19:45 of 1st period - Shot by Mikko Koivu. 19:45 of 1st period - Shot Blocked by Ryan Stanton. Goals for this period are 0 for VICTORIA GLADIATORS vs 1 for SAN JOSE BRONCOS. Shots for this period are 4 for VICTORIA GLADIATORS vs 9 for SAN JOSE BRONCOS. 2nd period 0:01 of 2nd period - Evgeni Malkin wins face-off versus Frans Nielsen in neutral zone. 0:51 of 2nd period - Marcus Foligno is hit by Alexander Radulov and loses puck. 1:09 of 2nd period - Icing by Marco Scandella. 1:10 of 2nd period - Lars Eller wins face-off versus Cody Eakin in SAN JOSE BRONCOS zone. 1:11 of 2nd period - Shot by Mikkel Boedker. 1:11 of 2nd period - Shot Misses the Net. 1:43 of 2nd period - Shot by Colton Sissons. 1:43 of 2nd period - Shot Misses the Net. 1:45 of 2nd period - Shot by Colton Sissons. 1:45 of 2nd period - Stopped by Jack Campbell without a rebound. 1:46 of 2nd period - Carl Soderberg wins face-off versus Zach Parise in VICTORIA GLADIATORS zone. 1:58 of 2nd period - Icing by Neal Pionk. 1:59 of 2nd period - Mikko Koivu wins face-off versus Jason Spezza in SAN JOSE BRONCOS zone. 2:14 of 2nd period - Shot by Mikko Koivu. 2:14 of 2nd period - Shot Misses the Net. 2:16 of 2nd period - Shot by Neal Pionk. 2:16 of 2nd period - Shot Misses the Net. 2:18 of 2nd period - Shot by Brady Skjei. 2:18 of 2nd period - Shot Blocked by Patrick Maroon. 2:20 of 2nd period - Shot by Neal Pionk. 2:20 of 2nd period - Stopped by Jack Campbell without a rebound. 2:21 of 2nd period - Carl Soderberg wins face-off versus Evgeni Malkin in VICTORIA GLADIATORS zone. 2:23 of 2nd period - Zack Smith is hit by Evgeni Malkin and loses puck. 2:32 of 2nd period - Shot by Nick Foligno. 2:32 of 2nd period - Stopped by Jacob Markstrom without a rebound. 2:33 of 2nd period - Carter Rowney wins face-off versus Lars Eller in SAN JOSE BRONCOS zone. 3:02 of 2nd period - Shot by Mikkel Boedker. 3:02 of 2nd period - The goal is going for a video replay. 3:02 of 2nd period - The goal is good. 3:02 of 2nd period - Goal by Mikkel Boedker - VICTORIA GLADIATORS : 1 - SAN JOSE BRONCOS : 1. 3:03 of 2nd period - Evgeni Malkin wins face-off versus Carl Soderberg in neutral zone. 3:06 of 2nd period - Shot by Alexander Radulov. 3:06 of 2nd period - Stopped by Jack Campbell with a rebound. 3:36 of 2nd period - Shot by Zack Smith. 3:36 of 2nd period - Shot Misses the Net. 4:06 of 2nd period - Shot by Jason Spezza. 4:06 of 2nd period - Goal by Jason Spezza - VICTORIA GLADIATORS : 2 - SAN JOSE BRONCOS : 1. 4:07 of 2nd period - Lars Eller wins face-off versus Mikko Koivu in neutral zone. 4:34 of 2nd period - Icing by Mikkel Boedker. 4:35 of 2nd period - David Kampf wins face-off versus Lars Eller in VICTORIA GLADIATORS zone. 4:42 of 2nd period - Shot by Cody Eakin. 4:42 of 2nd period - Stopped by Jack Campbell without a rebound. 4:43 of 2nd period - Carl Soderberg wins face-off versus Cody Eakin in VICTORIA GLADIATORS zone. 4:55 of 2nd period - Nick Foligno is hit by Neal Pionk and loses puck. 5:05 of 2nd period - Off-side. 5:06 of 2nd period - Mikko Koivu wins face-off versus Frans Nielsen in neutral zone. 5:19 of 2nd period - Shot by Mikko Koivu. 5:19 of 2nd period - Shot Misses the Net. 5:21 of 2nd period - Shot by Mikko Koivu. 5:21 o